 Dungeon Crawl Stone Soup version 0.26-a0-259-g1effd001a9 (webtiles) character file.

Game seed: 2122319780913955167

199 Esekla the Skirmisher (level 6, 0/49 HPs)
             Began as a Formicid Abyssal Knight on July 10, 2020.
             Was a Believer of Lugonu.
             Slain by an elf zombie (5 damage)
             ... in an ossuary.
             The game lasted 00:21:16 (4336 turns).

Esekla the Skirmisher (Formicid Abyssal Knight)     Turns: 4336, Time: 00:21:17

Health: 0/49       AC:  3    Str: 18    XL:     6   Next: 6%
Magic:  7/7        EV: 11    Int: 12    God:    Lugonu [**....]
Gold:   239        SH:  0    Dex: 10    Spells: 5/5 levels left

rFire    . . .     SeeInvis +   a - +1 falchion
rCold    . . .     Faith    +   (no shield)
rNeg     . . .     Spirit   .   b - +0 leather armour
rPois    .         Reflect  .   (helmet unavailable)
rElec    .         Harm     .   (no cloak)
rCorr    .                      (no gloves)
MR       .....                  (no boots)
Stlth    +.........             z - amulet of faith
HPRegen  0.16/turn              (no ring)
MPRegen  0.10/turn              (no ring)

@: no status effects
A: permanent stasis, dig shafts and tunnels, four strong arms, antennae 3
a: Dig, Shaft Self, Depart the Abyss, Bend Space, Renounce Religion


You were in an ossuary.
You worshipped Lugonu.
Lugonu was pleased with you.
You were not hungry.

You visited 1 branch of the dungeon, and saw 4 of its levels.
You visited the Abyss 1 time.
You also visited: Ossuary.

You collected 239 gold pieces.

Inventory:

Hand Weapons
 a - a +1 falchion (weapon)
 m - a +0 spear
Missiles
 o - 23 poisoned darts (quivered)
Armour
 b - a +0 leather armour (worn)
Jewellery
 t - an uncursed amulet of magic regeneration {unknown}
 z - an amulet of faith (around neck)
Wands
 g - a wand of acid (7)
 h - a wand of paralysis (7)
 y - a wand of enslavement (10)
Scrolls
 e - 2 scrolls of enchant weapon {unknown}
 i - a scroll of enchant armour {unknown}
 j - 3 scrolls of teleportation {unknown}
 k - 4 scrolls of identify {unknown}
 q - 3 scrolls of remove curse {unknown}
 r - a scroll of immolation {unknown}
Potions
 d - 3 potions of degeneration {unknown}
 f - 5 potions of curing {unknown}
 l - a potion of mutation {unknown}
 n - 2 potions of heal wounds {unknown}
 p - a potion of haste
 s - a potion of lignification {unknown}
 u - 2 potions of flight {unknown}
 v - a potion of brilliance {unknown}
 w - a potion of magic {unknown}
 x - a potion of might {unknown}
Comestibles
 c - 3 rations


   Skills:
 * Level 4.7 Fighting
 * Level 4.0 Long Blades
 + Level 0.1 Throwing
 * Level 2.8 Armour
 + Level 1.4 Dodging
 + Level 0.2 Stealth
 * Level 2.6 Invocations


You had 5 spell levels left.
You didn't know any spells.
Your spell library was empty.

Dungeon Overview and Level Annotations

Branches:
Dungeon (4/15)            Ossuary (1/1)
 Temple: D:4-7

Altars:
Ashenzari
Uskayaw


Innate Abilities, Weirdness & Mutations

You cannot be hasted, slowed, berserked, paralysed or teleported.
You can dig through walls and to a lower floor.
Your four strong arms can wield two-handed weapons with a shield.
You have a pair of large antennae on your head. (SInv)


Message History

You closely miss the elf zombie.
The elf zombie is severely damaged.
The elf zombie barely misses you.
You slash the elf zombie!
The elf zombie is severely damaged.
The elf zombie barely misses you.
You riposte.
You barely miss the elf zombie.
The elf zombie is severely damaged.
You hit the elf zombie.
The elf zombie is severely damaged.
You barely miss the elf zombie.
The elf zombie is severely damaged.
The elf zombie hits you.
* * * LOW HITPOINT WARNING * * *
You closely miss the elf zombie.
The elf zombie is severely damaged.
The elf zombie hits you but does no damage.
You hit the elf zombie.
The elf zombie is almost destroyed.
The elf zombie hits you.
You die...

#....{Z..8..8........#
#...Z{Z..............#
#...######Z.######...#
#.{.#....#..# #...#
#...#.#..#..# #...#
#...#.####..####.#...#
#..{#Z..Z........#M..#
#..{#Z####.......#...#
#...#@# #.......#MZ.#
#...#....#.......#.{.#
#...######.∩.....#{..#
#...# ....+####.Z.#
#...# #...# #{..#
#...# ...# #...#
#..Z##############...#
#.....{Z..Z..........#
#.......Z.∩∩.........#


You could see a big kobold zombie and an elf zombie.

Vanquished Creatures
  Jessica (D:2)
  Natasha (D:3)
  4 adders
  3 oozes
  An adder zombie (Ossuary)
  2 worms (D:2)
  3 dart slugs (D:1)
  3 leopard geckos
  An orc (D:3)
  A giant cockroach (D:1)
  8 goblins
  8 hobgoblins
  2 jackals (D:1)
  6 bats
  6 frilled lizards
  2 goblin zombies (Ossuary)
  11 hobgoblin zombies (Ossuary)
  A jackal zombie (Ossuary)
  7 kobolds
  4 kobold zombies (Ossuary)
  9 orc zombies (Ossuary)
  7 rats
  2 rat zombies (Ossuary)
93 creatures vanquished.

Notes
Turn   | Place    | Note
-------+----------+-------------------------------------------
     0 | Abyss:1  | Esekla the Formicid Abyssal Knight began the quest for the
                  | Orb.
     0 | Abyss:1  | Reached XP level 1. HP: 18/18 MP: 2/2
    73 | Abyss:3  | Found a corrupted altar of Lugonu.
    76 | Abyss:3  | Noticed a chaos spawn
    99 | D:1      | Escaped the Abyss
   408 | D:1      | Reached XP level 2. HP: 21/24 MP: 3/3
   704 | D:2      | Reached * piety under Lugonu
   704 | D:2      | Reached XP level 3. HP: 22/30 MP: 4/4
   863 | D:2      | Found a shattered altar of Ashenzari.
  1657 | D:1      | Reached XP level 4. HP: 30/37 MP: 5/5
  2330 | D:3      | Reached skill level 1 in Dodging
  2473 | D:3      | Noticed Natasha
  2481 | D:3      | Killed Natasha
  2481 | D:3      | Reached XP level 5. HP: 29/43 MP: 6/6
  2882 | D:2      | Noticed Jessica
  2888 | D:2      | Killed Jessica
  2976 | D:3      | Noticed a sky beast
  3525 | D:3      | Reached ** piety under Lugonu
  3738 | D:4      | Found a hide-covered altar of Uskayaw.
  3738 | D:4      | Noticed a lemure
  3738 | D:4      | Noticed a lemure
  3742 | D:4      | Noticed a lemure
  3743 | D:4      | Found a sand-covered staircase.
  3749 | Ossuary  | Entered an ossuary
  4027 | Ossuary  | Reached XP level 6. HP: 34/49 MP: 7/7
  4336 | Ossuary  | Slain by an elf zombie

Illustrated notes

Levels and vault maps discovered:
D:1:      lightli_arrival_chessboard, layout_basic, minmay_circled_x
D:2:      layout_loops_corners, overflow_temple_1_default, uniq_jessica
D:3:      layout_rooms, uniq_natasha
D:4:      layout_basic, eat_drink_and_be_merry_uskayaw, first_ration,
          gup_ossuary_entry_pyramid, lemuel_angel_altar, uniq_pikel
Ossuary:  ossuary_tomb_1

Skill      XL: |  1  2  3  4  5 |
---------------+----------------+-----
Fighting       | 4 |  4.7
Long Blades    | 3 4 |  4.0
Dodging        | 1 |  1.4
Throwing       | |  0.1
Armour         | |  2.8
Stealth        | |  0.2
Invocations    | |  2.6

Action                   |  1- 3 |  4- 6 || total
-------------------------+-------+-------++-------
Melee: Falchion          |    84 |   229 ||   313
Throw: Dart              |     1 |     8 ||     9
Invok: Depart the Abyss  |     1 |       ||     1
  Eat: Ration            |     1 |     2 ||     3
Armor: Leather armour    |    24 |    53 ||    77
Dodge: Dodged            |    38 |   163 ||   201
       Rpst.: Falchion   |    11 |    53 ||    64

Table legend:
 A = Non-vault XP
 B = Vault XP
 C = Vault XP percentage of total XP
 D = Non-vault monster count
 E = Vault monster count
 F = Vault count percentage of total count
                 A         B        C        D         E       F
            +---------+---------+-------+---------+---------+-------
      Total |     173 |     112 |  39.3 |      57 |      36 |  38.7
            +---------+---------+-------+---------+---------+-------
        D:1 |      61 |       5 |   7.6 |      25 |       4 |  13.8
        D:2 |      64 |      37 |  36.6 |      13 |       1 |   7.1
        D:3 |      41 |      35 |  46.1 |      18 |       1 |   5.3
        D:4 |       7 |       0 |   0.0 |       1 |       0 |   0.0
    Ossuary |       0 |      35 | 100.0 |       0 |      30 | 100.0
            +---------+---------+-------+---------+---------+-------
